 Dungeon Crawl Stone Soup version 0.28-a0-461-g2dc4ca5097 (webtiles) character file.

Game seed: 17517253247518851994

2363 mathmaestro the Ruffian (level 9, -1/88 HPs)
             Began as a Troll Monk on Sept 13, 2021.
             Slain by a killer bee (6 damage)
             ... on level 7 of the Dungeon.
             The game lasted 00:08:24 (4790 turns).

mathmaestro the Ruffian (Troll Monk)                Turns: 4790, Time: 00:08:25

Health: -1/88      AC:  5    Str: 24    XL:     9   Next: 21%
Magic:  8/8        EV: 11    Int: 12    God:
Gold:   175        SH:  0    Dex: 12    Spells: 8/8 levels left

rFire   + + .      SeeInvis .     - Unarmed
rCold   . . .      Faith    .   (no shield)
rNeg    . . .      Spirit   .   a - +0 robe
rPois   .          Reflect  .   (helmet restricted)
rElec   .          Harm     .   s - +0 cloak
rCorr   +          Rampage  .   (gloves unavailable)
Will    .....                   (boots unavailable)
Stlth   ++........              (no amulet)
HPRegen 1.24/turn               t - ring of resist corrosion
MPRegen 0.11/turn               u - ring of Ogivy {Fly rF++ Int+6}

@: lethally poisoned (-1 -> -2), flying
A: large, unfitting armour, claws 3, regeneration 1, shaggy fur 1, tough skin 1
a: no special abilities


You were on level 7 of the Dungeon.
You visited 1 branch of the dungeon, and saw 7 of its levels.

You collected 382 gold pieces.
You spent 207 gold pieces at shops.

Inventory:

Hand Weapons
 w - a +3 war axe
Missiles
 b - 62 sling bullets
 d - 203 stones (quivered)
 f - 63 arrows
 g - 33 poisoned darts
 l - 32 bolts
 z - 7 silver javelins
Armour
 a - a +0 robe (worn)
 p - a +0 tower shield
 s - a +0 cloak (worn)
Jewellery
 q - a ring of ice
 t - a ring of resist corrosion (left claw)
 u - the ring of Ogivy (right claw) {Fly rF++ Int+6}
   (You found it on level 6 of the Dungeon)

   [ring of intelligence]

   Int:       It affects your intelligence (+6).
   rF:        It greatly protects you from fire.
   Fly:       It grants you flight.
Wands
 y - a wand of charming (8)
Scrolls
 c - 3 scrolls of identify
 h - 3 scrolls of teleportation
 m - 3 scrolls of fog
 n - a scroll of enchant armour
 x - a scroll of amnesia {unknown}
Potions
 e - a potion of haste {unknown}
 i - a potion of might
 j - a potion of magic
 k - a potion of cancellation
 o - 2 potions of curing
 r - a potion of lignification {unknown}
 v - a potion of resistance {unknown}


   Skills:
 + Level 5.2 Fighting
 + Level 4.0 Throwing
 + Level 3.2 Armour
 + Level 5.3 Dodging
 - Level 1.0 Stealth
 + Level 3.2 Shields
 + Level 6.4 Unarmed Combat


You had 8 spell levels left.
You didn't know any spells.
Your spell library contained the following spells:

 Spells                   Type           Power      Damage    Failure   Level
 Ensorcelled Hibernation  Hex/Ice        0%         N/A       45%         2
 Scorch                   Fire           0%         2d5       45%         2
 Dazzling Flash           Conj/Hex       0%         N/A       69%         3
 Gell's Gravitas          Tloc           0%         N/A       69%         3
 Lesser Beckoning         Tloc           0%         N/A       69%         3
 Spider Form              Tmut/Pois      0%         N/A       69%         3
 Teleport Other           Tloc           0%         N/A       69%         3
 Flame Wave               Conj/Fire      0%         3d3       97%         4
 Iskenderun's Mystic Bla  Conj/Tloc      0%         2d3       97%         4
 Starburst                Conj/Fire      0%         6d3       100%        6
 Summon Cactus Giant      Summ           0%         N/A       100%        6


Dungeon Overview and Level Annotations

Branches:
Dungeon (7/15)
 Temple: D:4-7

Altars:
Kikubaaqudgha
Okawaru
Qazlal
Sif Muna
Trog
Wu Jian
The Shining One

Shops:
D:1 !   D:4 ?


Innate Abilities, Weirdness & Mutations

You are too large for most types of armour.
You have claws for hands.
Your natural rate of healing is unusually fast.
You are covered in fur. (AC +1)
You have tough skin. (AC +1)


Message History

You feel sick. The killer bee stings you.
You miss the killer bee.
You feel sick. The killer bee misses you.
The killer bee stings you but does no damage.
You scratch the killer bee.
The killer bee is moderately wounded.
You feel sick.
You are no longer poisoned.
The killer bee stings you.
* * * LOW HITPOINT WARNING * * *
You are poisoned.
The killer bee poisons you!
You miss the killer bee.
The killer bee is moderately wounded.
You feel sick. The killer bee stings you.
* * * LOW HITPOINT WARNING * * *
The killer bee stings you.
* * * LOW HITPOINT WARNING * * *
Unknown command.
You scratch the killer bee but do no damage.
The killer bee is moderately wounded.
You feel sick. The killer bee stings you.
* * * LOW HITPOINT WARNING * * *
The killer bee stings you.
* * * LOW HITPOINT WARNING * * *
Unknown command.
You feel sick. The killer bee barely misses you.
You feel sick.
The killer bee stings you but does no damage.
You feel sick.
The killer bee stings you but does no damage.
You feel sick. The killer bee closely misses you.
You feel sick. The killer bee barely misses you.
You feel sick.
You are no longer poisoned.
The killer bee stings you.
* * * LOW HITPOINT WARNING * * *
You are poisoned.
The killer bee poisons you!
You feel sick. The killer bee stings you.
You die...

.###...####
y......†..#
.###...##.#
...>..# #.#
.##### #.#
#.# #.# #y#
#@# #.# #.#
#.# #.###
#.#.## ##
#....# .#
###.## .#
#.#


You could see a killer bee.

Vanquished Creatures
  A black bear (D:6)
  3 ogres
  5 necrophages
  A kobold brigand (D:7)
  Blork the orc (D:6)
  A wyvern zombie (D:3)
  A bullfrog (D:7)
  A water moccasin zombie (D:5)
  2 scorpions
  A water moccasin skeleton (D:5)
  3 killer bees (D:7)
  3 wights (D:6)
  2 centaur zombies (D:5)
  3 bullfrog zombies (D:5)
  An orc priest (D:5)
  4 hounds
  A centaur skeleton (D:5)
  A gnoll shaman (D:5)
  An iguana (D:6)
  3 orc wizards
  2 scorpion zombies (D:5)
  2 killer bee zombies (D:5)
  2 hound zombies (D:5)
  A howler monkey zombie (D:5)
  2 howler monkey skeletons
  4 gnolls (D:5)
  5 adders
  A shadow imp (D:5)
  An adder skeleton (D:5)
  A worm (D:3)
  3 dart slugs
  19 orcs
  7 bats
  7 endoplasms
  3 giant cockroaches
  4 goblins
  16 hobgoblins
  2 jackals (D:3)
  2 quokkas
  5 ball pythons
  8 frilled lizards
  12 kobolds
  5 rats
153 creatures vanquished.

Notes
Turn   | Place    | Note
-------+----------+-------------------------------------------
     0 | D:1      | mathmaestro the Troll Monk began the quest for the Orb.
     0 | D:1      | Reached XP level 1. HP: 22/22 MP: 0/0
   205 | D:1      | Reached XP level 2. HP: 29/29 MP: 1/1
   333 | D:1      | Found a faded altar of an unknown god.
   488 | D:1      | Found Ogask's Distillery.
   624 | D:2      | Reached XP level 3. HP: 36/36 MP: 2/2
   761 | D:2      | You fall into a shaft and drop 1 floor!
   803 | D:3      | Reached XP level 4. HP: 45/45 MP: 3/3
   882 | D:3      | You fall into a shaft and drop 1 floor!
  1634 | D:3      | Found an ancient bone altar of Kikubaaqudgha.
  1710 | D:3      | Reached skill level 4 in Unarmed Combat
  1802 | D:3      | Reached XP level 5. HP: 37/53 MP: 4/4
  1954 | D:3      | Found a shimmering blue altar of Sif Muna.
  1974 | D:3      | Found an ornate altar of the Wu Jian Council.
  2030 | D:3      | Found a stormy altar of Qazlal.
  2220 | D:4      | Noticed an ogre
  2231 | D:4      | Killed an ogre
  2232 | D:4      | Reached skill level 1 in Throwing
  2232 | D:4      | Reached XP level 6. HP: 40/62 MP: 5/5
  2564 | D:4      | Found a glowing golden altar of the Shining One.
  2577 | D:4      | Found Jerchidd's Magic Scroll Shop.
  2585 | D:4      | Bought a scroll of fog for 24 gold pieces
  2585 | D:4      | Bought a scroll of identify for 24 gold pieces
  2585 | D:4      | Bought a scroll of teleportation for 36 gold pieces
  2585 | D:4      | Bought a scroll of enchant armour for 90 gold pieces
  2681 | D:1      | Bought a potion of curing for 33 gold pieces
  2913 | D:5      | Entered Level 5 of the Dungeon
  2974 | D:5      | Reached XP level 7. HP: 58/70 MP: 6/6
  3000 | D:5      | Reached skill level 1 in Armour
  3000 | D:5      | Reached skill level 1 in Shields
  3000 | D:5      | Reached skill level 5 in Unarmed Combat
  3170 | D:5      | Reached XP level 8. HP: 79/79 MP: 7/7
  3469 | D:5      | Found an iron altar of Okawaru.
  3863 | D:6      | Noticed Blork the orc
  3870 | D:6      | Killed Blork the orc
  3990 | D:6      | Reached skill level 5 in Fighting
  3990 | D:6      | Reached skill level 5 in Dodging
  3990 | D:6      | Reached skill level 6 in Unarmed Combat
  4044 | D:6      | Identified the ring of Ogivy {Fly rF++ Int+6}
  4472 | D:6      | Found a bloodstained altar of Trog.
  4595 | D:7      | Reached XP level 9. HP: 74/80 MP: 8/8
  4790 | D:7      | Slain by a killer bee

Illustrated notes

Levels and vault maps discovered:
D:1:      giann_wishing_wells, layout_loops_cross, serial_shops,
          nicolae_shop_crystal, hellmonk_ecumenical_altar_arch_garden
D:2:      layout_loops_cross, grunt_decor_clamped, minivault_26, feat_on_display
D:3:      minmay_wonky_spiral, layout_loops_ring,
          nicolae_qazlal_scattered_showers, amcnicky_altar_gilded,
          amethyst_overflow_temple_binary
D:4:      layout_rooms, mainiacjoe_overflow_six_doors_small, serial_shops, shop,
          sigmund_army
D:5:      layout_loops_cross, kennysheep_little_box, serial_undead,
          serial_undead_b, serial_undead_d, serial_undead_d, serial_undead_c,
          serial_undead_d, serial_undead_a
D:6:      layout_loops_cross, marbit_many_paths, uniq_blork_the_orc
D:7:      layout_loops_ring, minmay_temple_entry_wispy, uniq_duvessa

Skill      XL: |  1  2  3  4  5  6  7  8  9 |
---------------+----------------------------+-----
Fighting       | 3 4 5 |  5.2
Dodging        | 3 4 5 |  5.3
Unarmed Combat | 4 5 6 |  6.4
Throwing       | 1 2 3 4 |  4.0
Armour         | 1 3 |  3.2
Shields        | 1 3 |  3.2
Stealth        | |  1.0

Action                   |  1- 3 |  4- 6 |  7- 9 || total
-------------------------+-------+-------+-------++-------
Melee: Unarmed           |    67 |   176 |   225 ||   468
       Punch             |       |     4 |     5 ||     9
  Use: Scroll            |       |     4 |     2 ||     6
 Stab: Sleeping          |     6 |     4 |     3 ||    13
       Distracted        |     1 |       |       ||     1
Armor: Robe              |    17 |    48 |    70 ||   135
Dodge: Dodged            |    30 |   140 |   115 ||   285

Table legend: (Time is in decaauts)
 A = Elapsed time spent in this place.
 B = Non-inter-level travel time spent in this place.
 C = Inter-level travel time spent in this place.
 D = Time resting spent in this place.
 E = Time spent auto-exploring this place.
 F = Levels seen in this place.
 G = Mean time per level.
                   A        B        C        D        E       F      G
               +--------+--------+--------+--------+--------+-----+--------+
         Total |   4754 |   4357 |    397 |     67 |   3278 |   7 |  679.1 |
       Dungeon |   4754 |   4357 |    397 |     67 |   3278 |   7 |  679.1 |
               +--------+--------+--------+--------+--------+-----+--------+

Top non-repeatable levels by time:
     D:3: 967 daAuts
     D:5: 914 daAuts
     D:6: 737 daAuts
     D:2: 731 daAuts
     D:1: 611 daAuts
     D:4: 593 daAuts
     D:7: 198 daAuts
